General information
- name: BNet
- type: Ladder 1vs1/FFA
- host: Battle.net
- saver: erz
map: LostTemple
- players: 2
- length: 32:24
- speed: Fast
- version: 1.24 W3XP
- replay type: Public
» download(130 KB)
Players
team 1 (winner)

»
erz (
yellow | 128 APM | 4158 actions | 32:24)
9 Dreadlord
3 Sleep
3 Carrion Swarm
1 Inferno
2 Vampiric Aura
» actions
| Assign group hotkey | 1152 | |
| Basic commands | 95 | |
| Build / train | 93 | |
| ESC pressed | 6 | |
| Enter build submenu | 30 | |
| Enter hero's abilities submenu | 9 | |
| Give item / drop item | 8 | |
| Right click | 1421 | |
| Select / deselect | 466 | |
| Select group hotkey | 647 | |
| Use ability | 229 | |
4158 total
» units
| Acolyte | 8 | |
| Ghoul | 11 | |
| Obsidian Statue | 4 | |
| Meatwagon | 4 | |
| Necromancer | 8 | |
| Goblin Sapper | 2 | |
| Goblin Zeppelin | 1 | |
| Crypt Fiend | 2 | |
40 total
» upgrades
| Cannibalize | 1 | |
| Ghoul Frenzy | 1 | |
| Exhume Corpses | 1 | |
| Disease Cloud | 1 | |
| Necromancer Training | 2 | |
| Skeletal Longevity | 1 | |
| Skeletal Mastery | 1 | |
| Unholy Strength | 3 | |
| Destroyer Form | 1 | |
| Burrow | 1 | |
13 total
» buildings
| Crypt | 2 | |
| Altar of Darkness | 1 | |
| Ziggurat | 12 | |
| Tomb of Relics | 3 | |
| Nerubian Tower | 1 | |
| Halls of the Dead | 7 | |
| Graveyard | 2 | |
| Black Citadel | 1 | |
| Sacrificial Pit | 1 | |
| Slaughterhouse | 1 | |
| Temple of the Damned | 1 | |
| Necropolis | 1 | |
| Spirit Tower | 1 | |
34 total
» build order
00:08 Crypt
00:14 Altar of Darkness
00:33 Ziggurat
00:59 Tomb of Relics
01:39 Ziggurat
02:10 Nerubian Tower
03:13 Halls of the Dead
03:14 Halls of the Dead
03:14 Halls of the Dead
03:14 Halls of the Dead
03:36 Tomb of Relics
03:44 Tomb of Relics
04:25 Ziggurat
06:09 Graveyard
06:11 Crypt
06:18 Graveyard
07:05 Black Citadel
07:39 Sacrificial Pit
07:46 Slaughterhouse
09:21 Temple of the Damned
09:28 Ziggurat
11:47 Necropolis
14:53 Ziggurat
14:53 Ziggurat
14:54 Ziggurat
14:55 Ziggurat
17:26 Spirit Tower
22:27 Ziggurat
22:28 Ziggurat
22:28 Ziggurat
22:34 Ziggurat
» items
| Rod of Necromancy | 2 | |
| Dust of Appearance | 1 | |
| Boots of Speed | 1 | |
| Staff of Teleportation | 1 | |
| Potion of Invisibility | 3 | |
| Potion of Mana | 2 | |
| Potion of Lesser Invulnerability | 2 | |
| Scroll of Healing | 1 | |
| Scroll of Town Portal | 2 | |
15 total
team 2 (loser)
InTheAciD. (
blue | 130 APM | 4198 actions | 32:23)
5 Demon Hunter
3 Mana Burn
2 Evasion
5 Keeper of the Grove
3 Entangling Roots
2 Force of Nature
» actions
| Assign group hotkey | 39 | |
| Basic commands | 317 | |
| Build / train | 141 | |
| ESC pressed | 9 | |
| Enter build submenu | 53 | |
| Enter hero's abilities submenu | 10 | |
| Give item / drop item | 12 | |
| Right click | 1035 | |
| Select / deselect | 1135 | |
| Select group hotkey | 1177 | |
| Use ability | 269 | |
4198 total
» units
| Wisp | 66 | |
| Archer | 6 | |
| Druid of the Claw | 8 | |
| Dryad | 6 | |
| Goblin Shredder | 2 | |
| Goblin Sapper | 4 | |
| Goblin Zeppelin | 1 | |
93 total
» upgrades
| Improved Bows | 1 | |
| Druid of the Claw Training | 2 | |
| Abolish Magic | 1 | |
| Strength of the Wild | 2 | |
| Mark of the Claw | 1 | |
7 total
» buildings
| Altar of Elders | 4 | |
| Moon Well | 13 | |
| Ancient of War | 5 | |
| Tree of Ages | 7 | |
| Tree of Life | 8 | |
| Ancient of Wonders | 1 | |
| Hunter's Hall | 2 | |
| Ancient Protector | 7 | |
| Ancient of Lore | 5 | |
| Tree of Eternity | 2 | |
| Ancient of Wind | 2 | |
56 total
» build order
00:09 Altar of Elders
00:22 Moon Well
01:21 Ancient of War
01:46 Moon Well
02:53 Tree of Ages
02:54 Tree of Ages
03:10 Moon Well
04:21 Tree of Life
04:31 Ancient of Wonders
06:14 Hunter's Hall
07:28 Ancient Protector
07:33 Ancient of Lore
08:08 Ancient of Lore
08:40 Tree of Eternity
10:19 Moon Well
10:41 Ancient Protector
12:37 Ancient of Wind
12:40 Ancient of Wind
12:45 Moon Well
13:33 Ancient of Lore
13:46 Moon Well
13:50 Ancient Protector
14:48 Tree of Life
15:04 Ancient Protector
15:25 Hunter's Hall
15:26 Tree of Ages
15:26 Tree of Ages
15:40 Tree of Ages
16:20 Tree of Life
16:41 Ancient of War
18:58 Ancient of Lore
19:00 Ancient of Lore
19:09 Moon Well
19:12 Moon Well
19:35 Moon Well
20:52 Moon Well
20:53 Moon Well
20:59 Ancient Protector
21:31 Ancient Protector
21:40 Altar of Elders
21:48 Altar of Elders
23:18 Ancient of War
24:18 Moon Well
25:11 Ancient Protector
28:07 Tree of Life
28:47 Tree of Life
28:59 Moon Well
29:25 Altar of Elders
29:58 Ancient of War
29:59 Ancient of War
31:37 Tree of Life
32:09 Tree of Life
32:18 Tree of Life
» items
| Staff of Preservation | 2 | |
| Potion of Healing | 3 | |
| Orb of Venom | 1 | |
| Anti-magic Potion | 2 | |
| Scroll of Town Portal | 2 | |
| Boots of Speed | 1 | |
| Staff of Teleportation | 1 | |
| Potion of Lesser Invulnerability | 1 | |
13 total
Chat log
(00:35 / All) InTheAciD.: gl
(00:36 / All) erz: glhf